 Seeded DCSS version 0.30-a0-50-gb2d611f6b1 (webtiles) character file.

Game seed: 17246712331252751712 (custom seed)

38 wilfster70 the Digger (level 3, -1/25 HPs)
             Began as a Gnoll Earth Elementalist on Sept 4, 2022.
             Slain by an orc
             ... wielding a +0 flail
              (3 damage)
             ... on level 2 of the Dungeon.
             The game lasted 00:03:05 (1059 turns).

wilfster70 the Digger (Gnoll Earth Elementalist)    Turns: 1059, Time: 00:03:06

Health: -1/25      AC:  2    Str:  7    XL:     3   Next: 43%
Magic:  8/9        EV: 13    Int: 16    God:
Gold:   75         SH:  0    Dex: 12    Spells: 11/12 levels left

rFire   . . .      SeeInvis .    a - +2 demon trident (vamp)
rCold   . . .      Faith    .    (no shield)
rNeg    . . .      Spirit   .    c - +0 robe
rPois   .          Reflect  .    (no helmet)
rElec   .          Harm     .    (no cloak)
rCorr   .          Rampage  .    (no gloves)
Will    .....                    (no boots)
Stlth   ++........               d - amulet of magic regeneration
HPRegen 0.08/turn                (no ring)
MPRegen 0.51/turn                (no ring)

@: no status effects
A: fangs 1, strong nose, distributed training
a: no special abilities


You were on level 2 of the Dungeon.
You visited 1 branch of the dungeon, and saw 3 of its levels.

You collected 75 gold pieces.

Inventory:

Hand Weapons
 a - a +2 vampiric demon trident (weapon)
Armour
 c - a +0 robe (worn)
Jewellery
 d - an amulet of magic regeneration (around neck)
 m - a ring of ice
Scrolls
 f - a scroll of blinking {unknown}
 g - 2 scrolls of teleportation {unknown}
 h - 2 scrolls of fog
 j - a scroll of amnesia {unknown}
 k - 2 scrolls of poison {unknown}
 p - a scroll of enchant weapon {unknown}
Potions
 b - 2 potions of magic
 e - 3 potions of curing
 l - a potion of cancellation {unknown}
 n - 2 potions of lignification
 o - a potion of flight {unknown}


   Skills:
 + Level 0.8 Fighting
 + Level 0.8 Short Blades
 + Level 0.8 Long Blades
 + Level 0.8 Axes
 + Level 0.8 Maces & Flails
 + Level 0.8 Polearms
 + Level 0.8 Staves
 + Level 0.8 Ranged Weapons
 + Level 0.8 Throwing
 + Level 0.8 Armour
 + Level 4.5 Dodging
 + Level 4.1 Stealth
 + Level 0.8 Shields
 + Level 0.8 Unarmed Combat
 + Level 5.0 Spellcasting
 + Level 0.5 Conjurations
 + Level 0.5 Hexes
 + Level 0.5 Summonings
 + Level 0.5 Necromancy
 + Level 0.5 Translocations
 + Level 2.1 Transmutations
 + Level 0.5 Fire Magic
 + Level 0.5 Ice Magic
 + Level 0.5 Air Magic
 + Level 5.4 Earth Magic
 + Level 0.5 Poison Magic
 + Level 1.0 Invocations
 + Level 0.8 Evocations


You had 11 spell levels left.
You knew the following spells:

 Your Spells              Type           Power      Damage    Failure   Level
a - Sandblast             Erth           42%        2d11      1%          1

Your spell library contained the following spells:

 Spells                   Type           Power      Damage    Failure   Level
 Passwall                 Tmut/Erth      13%        N/A       4%          2
 Stone Arrow              Conj/Erth      26%        3d8       13%         3
 Blink                    Tloc           10%        N/A       19%         2
 Petrify                  Tmut/Erth      16%        N/A       32%         4
 Lesser Beckoning         Tloc           5%         N/A       34%         3
 Manifold Assault         Tloc           5%         N/A       97%         5


Dungeon Overview and Level Annotations

Branches:
Dungeon (3/15)

Altars:


Innate Abilities, Weirdness & Mutations

You have very sharp teeth.
Your uncanny sense of smell can sniff out nearby items.
Your experience applies equally to all skills.


Message History

An orc comes into view. It is wielding a +0 dagger.
You hear a shout!
There is an open door here.
An orc comes into view. It is wielding a +0 dagger.
There is an open door here.
The orc priest calls down the wrath of Beogh upon you.
Beogh smites you!
Ouch! That really hurt!
The orc priest looks braver for a moment.
The orc attacks as you move away! The orc hits you but does no damage.
The orc attacks as you move away! The orc completely misses you.
The orc attacks as you move away! The orc closely misses you.
There is a stone staircase leading up here.
Casting: Sandblast (safe; 1% risk of failure)
Confirm with . or Enter, or press ? or * to list all spells.
Aiming: Sandblast (safe; 1% risk of failure)
Press: ? - help, Shift-Dir - straight line, f - orc
Aim: an orc, wielding a +0 flail and wearing a +0 chain mail (87% to hit)
The blast of sand hits the orc but does no damage.
The orc misses you. The orc closely misses you.
You climb upwards.
There is a stone staircase leading down here.
Casting: Sandblast (safe; 1% risk of failure)
Confirm with . or Enter, or press ? or * to list all spells.
Aiming: Sandblast (safe; 1% risk of failure)
Press: ? - help, Shift-Dir - straight line, f - orc
Aim: an orc, wielding a +0 flail and wearing a +0 chain mail (87% to hit)
The blast of sand hits the orc.
The orc is severely wounded.
The orc barely misses you.
Casting: Sandblast (safe; 1% risk of failure)
Confirm with . or Enter, or press ? or * to list all spells.
Aiming: Sandblast (safe; 1% risk of failure)
Press: ? - help, Shift-Dir - straight line, f/p - orc
Aim: an orc, wielding a +0 flail and wearing a +0 chain mail (severely wounded, 87% to hit)
The blast of sand misses the orc.
The orc hits you with a +0 flail!
* * * LOW HITPOINT WARNING * * *
The orc hits you with a +0 flail.
You die...

#########.###...†..###
..........# ####.....#
#########.####.#####.#
#..........###..#
#.##.#####.....##
#.##.# #.##### #.##.##
#.# ## #.##..# #o##
.## #.###.# #.@#
#.####.# #.# #..#
##.....# #.# #..#
#.###### #.# #..# .##
#.# ##.# .# #.# #.# .#
#.# #.# .# #.# #.# .#
#.# #.#


You could see an orc.

Vanquished Creatures
  An adder (D:2)
  A ball python (D:2)
  A bat (D:1)
  4 endoplasms
  A giant cockroach (D:1)
  3 hobgoblins
  2 quokkas (D:1)
  A frilled lizard (D:2)
  3 goblins (D:1)
  5 kobolds (D:1)
  4 rats (D:1)
26 creatures vanquished.

Notes
Turn   | Place    | Note
-------+----------+-------------------------------------------
     0 | D:1      | wilfster70 the Gnoll Earth Elementalist began the quest for
                  | the Orb.
     0 | D:1      | Reached XP level 1. HP: 13/13 MP: 6/6
    28 | D:1      | Identified a scroll of acquirement
    28 | D:1      | Acquired a +2 vampiric demon trident
    70 | D:1      | Acquired an amulet of magic regeneration
   100 | D:1      | Reached XP level 2. HP: 19/19 MP: 5/7
   519 | D:2      | Reached skill level 5 in Spellcasting
   519 | D:2      | Reached XP level 3. HP: 25/25 MP: 7/9
   536 | D:2      | Reached skill level 1 in Invocations
   819 | D:2      | Found a faded altar of an unknown god.
  1059 | D:2      | Slain by an orc

Illustrated notes

Levels and vault maps discovered:
D:1:      evilmike_arrival_plus, layout_rooms
D:2:      minmay_evil_eye, layout_loops_ring, ebering_ecumenical_altar_box
D:3:      layout_basic, palyth_temple_overflow_mages, nzn_wu_jian_contemplation,
          amethyst_overflow_temple_binary, portal_sewer_entry_c

Skill      XL: |  1  2  3 |
---------------+----------+-----
Transmutations | 2 |  2.1
Spellcasting   | 5 |  5.0
Invocations    | 1 |  1.0
Fighting       | |  0.8
Short Blades   | |  0.8
Long Blades    | |  0.8
Axes           | |  0.8
Maces & Flails | |  0.8
Polearms       | |  0.8
Staves         | |  0.8
Ranged Weapons | |  0.8
Throwing       | |  0.8
Armour         | |  0.8
Dodging        | |  4.5
Stealth        | |  4.1
Shields        | |  0.8
Unarmed Combat | |  0.8
Conjurations   | |  0.5
Hexes          | |  0.5
Summonings     | |  0.5
Necromancy     | |  0.5
Translocations | |  0.5
Fire Magic     | |  0.5
Ice Magic      | |  0.5
Air Magic      | |  0.5
Earth Magic    | |  5.4
Poison Magic   | |  0.5
Evocations     | |  0.8

Action                   || total
-------------------------++-------
Melee: Demon trident     ||     4
 Cast: Sandblast         ||    31
  Use: Scroll            ||     5
 Stab: Sleeping          ||     1
Armor: Robe              ||     3
Dodge: Dodged            ||    13

Table legend: (Time is in decaauts)
 A = Elapsed time spent in this place.
 B = Non-inter-level travel time spent in this place.
 C = Inter-level travel time spent in this place.
 D = Time resting spent in this place.
 E = Time spent auto-exploring this place.
 F = Levels seen in this place.
 G = Mean time per level.
                   A        B        C        D        E       F      G
               +--------+--------+--------+--------+--------+-----+--------+
         Total |   1074 |   1027 |     47 |      0 |    538 |   3 |  358.0 |
       Dungeon |   1074 |   1027 |     47 |      0 |    538 |   3 |  358.0 |
               +--------+--------+--------+--------+--------+-----+--------+

Top non-repeatable levels by time:
     D:2: 540 daAuts
     D:1: 484 daAuts
     D:3: 49 daAuts
